 Dungeon Crawl Stone Soup version 0.30-a0-377-g5cb311bc9f (webtiles) character file.

Game seed: 13187681042717468028

15983 Decritt the Fighter (level 12, -5/213 HPs)
             Began as a Djinni Air Elementalist on Nov 28, 2022.
             Was a Priest of Makhleb.
             Slain by a redback (10 damage)
             ... in a Gauntlet.
             The game lasted 00:35:07 (11906 turns).

Decritt the Fighter (Djinni Air Elementalist)      Turns: 11906, Time: 00:35:08

Health: -5/213     AC: 33    Str:  7    XL:     12   Next: 64%
Gold:   733        EV:  2    Int: 21    God:    Makhleb [***...] SH:  5 Dex: 15

rFire   + . .      SeeInvis +    w - +2 trident (protect)
rCold   . . .      Faith    .    f - +0 buckler
rNeg    . . .      Spirit   .    (body armour currently unavailable)
rPois   ∞          Reflect  .    (helmet currently unavailable)
rElec   .          Harm     .    (cloak currently unavailable)
rCorr   .          Rampage  .    (gloves currently unavailable)
Will    +....      NoTele   +    (boots unavailable)
Stlth   ..........               b - amulet of regeneration
HPRegen 1.35/turn                q - ring of see invisible
MPRegen 0.00/turn                e - ring of protection from fire

@: berserking, tree-form, under a protective aura, studying Throwing, invisible,
very quick
A: stationary, stasis, torment immunity, boosted hp, sickness immunity, (fire
resistance 2), (cold vulnerability 1), float, innate caster, HP casting, extra
vitality 1
a: Renounce Religion, Minor Destruction, Lesser Servant of Makhleb


You were in a Gauntlet.
You worshipped Makhleb.
Makhleb was most pleased with you.
You were a tree.
You visited 3 branches of the dungeon, and saw 13 of its levels.
You also visited: Gauntlet.

You collected 733 gold pieces.

Inventory:

Hand Weapons
 w - a +2 trident of protection (weapon)
Armour
 f - a +0 buckler (worn)
 m - a +2 cloak of willpower
 p - a +0 helmet (melded)
 s - +0 steam dragon scales (melded)
 x - the +1 cloak of the Lair of Beasts (melded) {*Corrode rF+ Int+8 SInv}
   (You found it in a Gauntlet)

   Int:       It affects your intelligence (+8).
   rF:        It protects you from fire.
   SInv:      It lets you see invisible.
   *Corrode:  It may corrode you when you take damage.
 z - the +2 helmet of Sif Muna's Favour {Fly rF+ rN+ Will+ rCorr}
   (You found it in a Gauntlet)

   rF:        It protects you from fire.
   rN:        It protects you from negative energy.
   Fly:       It grants you flight.
   rCorr:     It protects you from acid and corrosion.
   Will:      It increases your willpower.
Jewellery
 b - an amulet of regeneration (around neck)
 e - a ring of protection from fire (right branch)
 q - a ring of see invisible (left branch)
Wands
 a - a wand of polymorph (4)
 y - a wand of digging (1)
Scrolls
 c - 2 scrolls of poison
 l - a scroll of teleportation
 n - 3 scrolls of immolation
 r - a scroll of identify
Potions
 d - 4 potions of lignification
 g - a potion of brilliance
 h - 2 potions of invisibility
 i - a potion of cancellation
 j - a potion of mutation
 v - 3 potions of haste


   Skills:
 * Level 12.2 Fighting
 + Level 6.1 Armour
 + Level 5.3 Dodging
 - Level 1.5 Stealth
 - Level 6.0 Shields
 * Level 9.8 Spellcasting


You had 7 spell levels left.
You knew the following spells:

 Your Spells              Type           Power      Damage    Failure   Level
a - Shock                 Conj/Air       100%       1d9       1%          1
b - Airstrike             Air            25%        2d(4-20)  1%          4
c - Hailstorm             Conj/Ice       51%        3d11      1%          3
d - Leda's Liquefaction   Hex/Erth       25%        N/A       1%          4
e - Swiftness             Air            51%        N/A       1%          3
f - Momentum Strike       Conj/Tloc      100%       3d10      1%          2
g - Portal Projectile     Hex/Tloc       100%       N/A       1%          3
h - Static Discharge      Conj/Air       100%       2-7/arc   1%          2
i - Slow                  Hex            100%       N/A       1%          1
Your spell library was empty.

Dungeon Overview and Level Annotations

Branches:
Dungeon (10/15)            Temple (1/1) D:6            Lair (2/5) D:8
  Swamp (0/4) Lair:2      Gauntlet (1/1)
  Snake: Lair:2-3    Spider: Lair:2-3       Orc: D:9-12

Altars:
Ashenzari
Cheibriados
Hepliaklqana
Makhleb
Okawaru
Ru
Wu Jian
Xom
Yredelemnul
The Shining One

Annotations:
Gauntlet 9 transporters, 1 runed translucent door, exclusion: ice statue


Innate Abilities, Weirdness & Mutations

You are a tree.
Your roots penetrate the ground, keeping you stationary.
You cannot be teleported.
You are immune to unholy pain and torment.
Your maximum health is greatly increased.
Your equipment is partially melded.
You are immune to sickness and miasma.
You are immune to poison.
((Your flesh is very heat resistant. (rF++)))
((You are vulnerable to cold. (rC-)))
You float through the air rather than walking.
You learn spells naturally, not from books.
Your magical power is your life essence.
You have superior vitality. (+4 MHP)


Message History

You fade into invisibility!
The redback bites you but does no damage. x2
The moth of wrath bites you!
* * * LOW HITPOINT WARNING * * *
The moth of wrath infuriates you!
A red film seems to cover your vision as you go berserk!
You feel yourself moving faster!
You feel mighty!
The redback bites you but does no damage.
You puncture the moth of wrath!
Your weapon exudes an aura of protection.
The moth of wrath is moderately wounded.
The redback bites you but does no damage.
The moth of wrath bites you but does no damage.
You strike the helpless moth of wrath from behind!
You puncture the moth of wrath!
The moth of wrath is heavily wounded.
The redback bites you but does no damage. x2
The moth of wrath bites you but does no damage.
The redback bites you but does no damage.
The moth of wrath bites you!
* * * LOW HITPOINT WARNING * * *
You barely miss the moth of wrath.
The moth of wrath is heavily wounded.
The redback bites you!
* * * LOW HITPOINT WARNING * * *
The redback bites you but does no damage.
The moth of wrath bites you but does no damage.
You closely miss the moth of wrath.
The moth of wrath is heavily wounded.
The redback bites you!
* * * LOW HITPOINT WARNING * * *
The moth of wrath bites you.
* * * LOW HITPOINT WARNING * * *
You are too berserk!
You cannot move.
You are too berserk!
You closely miss the moth of wrath.
The moth of wrath is heavily wounded.
The redback barely misses you. The redback bites you!
You die...

########..#..........##..#
.......#..#########..###...
.§.....#..#.......#..≈# ###
##≈##..#..#.####..#..##
≈###≈..#..#s#...#.#..≈# ##
##..#.©#y#.©.#©#..## ≈#
#≈..#..#.#...#s#..≈# ##
##..####..####s#..## ≈#
#≈.....#....y♣.#..≈# ##
###....#########..##
#§#.............≈#
###§#...........##
###§#≈#≈#≈#≈#≈#
#############


You could see a moth of wrath (unable to see you) and 2 redbacks.

Vanquished Creatures
  A hydra (Lair:1)
  2 two-headed ogres
  A death drake (shapeshifter) (Gauntlet)
  A worldbinder (Gauntlet)
  An ice statue (D:10)
  A cane toad (shapeshifter) (Gauntlet)
  4 komodo dragons
  A rime drake (Lair:1)
  A gargoyle (D:6)
  A troll (D:6)
  A hornet (D:7)
  Sigmund (D:5)
  A vampire (D:10)
  23 yaks
  An air elemental (D:10)
  A water elemental (D:10)
  A wraith (D:9)
  3 wyverns
  A fire elemental (D:10)
  A basilisk (Lair:1)
  2 steam dragons
  2 redbacks (Gauntlet)
  Menkaure (D:4)
  An acid dragon (D:10)
  4 water moccasins
  2 black bears (D:8)
  An ice beast (D:6)
  2 sky beasts (D:7)
  3 boggarts (Gauntlet)
  7 orc warriors
  3 centaurs
  An ogre (D:4)
  3 wolves (D:8)
  A kobold brigand (D:7)
  9 bullfrogs
  An earth elemental (D:10)
  2 gnoll sergeants
  A scorpion (D:4)
  8 wights
  7 killer bees (D:6)
  5 howler monkeys
  A jelly (D:6)
  2 gnoll boudas
  4 orc priests
  3 hounds (D:5)
  Jessica (D:3)
  3 iguanas
  Natasha (twice) (D:3)
  Terence (D:3)
  7 orc wizards
  23 gnolls
  5 adders
  A shadow imp (D:6)
  2 white imps (D:6)
  An ufetubus (D:5)
  A worm (D:3)
  2 dart slugs
  35 orcs
  10 ball pythons
  5 bats
  9 endoplasms
  2 giant cockroaches
  7 hobgoblins
  2 jackals (D:2)
  3 quokkas
  2 frilled lizards
  6 goblins
  10 kobolds
  9 rats
  A spectral orc (D:6)
274 creatures vanquished.

Vanquished Creatures (others)
  2 demonic plants (Gauntlet)
  23 fungi
  20 plants (D:8)
45 creatures vanquished.

Grand Total: 319 creatures vanquished

Notes
Turn   | Place    | Note
-------+----------+-------------------------------------------
     0 | D:1      | Decritt the Djinni Air Elementalist began the quest for the
                  | Orb.
     0 | D:1      | Decritt set off with the following spells memorised: Shock,
                  | Static Discharge, Swiftness, Airstrike.
     0 | D:1      | Reached XP level 1. HP: 15/15 MP: 0/0
   292 | D:1      | Reached XP level 2. HP: 17/22 MP: 0/0
   294 | D:1      | Reached skill level 1 in Fighting
   477 | D:1      | Reached XP level 3. HP: 17/27 MP: 0/0
   477 | D:1      | Learned a level 1 spell: Slow
   784 | D:1      | You are sucked into a shaft and drop 1 floor!
  1040 | D:2      | Reached skill level 2 in Fighting
  1192 | D:2      | Reached XP level 4. HP: 31/33 MP: 0/0
  1857 | D:3      | Found a faded altar of an unknown god.
  2086 | D:3      | Noticed Natasha
  2092 | D:3      | Killed Natasha
  2093 | D:3      | Reached XP level 5. HP: 31/40 MP: 0/0
  2093 | D:3      | Learned a level 2 spell: Momentum Strike
  2213 | D:3      | Reached skill level 3 in Fighting
  2507 | D:3      | Noticed Jessica
  2529 | D:3      | Killed Jessica
  2660 | D:3      | Noticed Terence
  2665 | D:3      | Killed Terence
  2821 | D:3      | Reached XP level 6. HP: 43/47 MP: 0/0
  3325 | D:4      | Reached skill level 4 in Fighting
  3325 | D:4      | Reached skill level 1 in Shields
  3690 | D:4      | Noticed Menkaure
  3708 | D:4      | Killed Menkaure
  3709 | D:4      | Reached XP level 7. HP: 49/53 MP: 0/0
  3709 | D:4      | Learned a level 3 spell: Portal Projectile
  4226 | D:3      | Noticed Natasha
  4246 | D:3      | Killed Natasha
  4706 | D:4      | Reached skill level 5 in Fighting
  4812 | D:4      | Noticed a steam dragon
  4828 | D:4      | Killed a steam dragon
  4829 | D:4      | Reached XP level 8. HP: 28/59 MP: 0/0
  5129 | D:5      | Entered Level 5 of the Dungeon
  5311 | D:5      | Reached skill level 5 in Spellcasting
  5602 | D:5      | Noticed Sigmund
  5611 | D:5      | Killed Sigmund
  5612 | D:5      | Reached skill level 6 in Fighting
  5869 | D:5      | Found a basalt altar of Yredelemnul.
  5878 | D:5      | Found a shimmering altar of Xom.
  6201 | D:6      | Reached XP level 9. HP: 17/67 MP: 0/0
  6201 | D:6      | Learned a level 3 spell: Hailstorm
  6247 | D:6      | Reached skill level 7 in Fighting
  6342 | D:6      | Found a hazy altar of Hepliaklqana.
  6427 | D:6      | Noticed a gargoyle
  6687 | D:7      | Noticed a hornet
  6691 | D:7      | Killed a hornet
  6925 | D:7      | Reached skill level 8 in Fighting
  7023 | D:6      | Killed a gargoyle
  7024 | D:6      | Reached skill level 5 in Shields
  7046 | D:6      | Reached XP level 10. HP: 74/77 MP: 0/0
  7051 | D:6      | Found a broken altar of Ashenzari.
  7148 | D:6      | Reached skill level 1 in Armour
  7281 | D:6      | Found a staircase to the Ecumenical Temple.
  7287 | Temple   | Entered the Ecumenical Temple
  7304 | Temple   | Became a worshipper of Makhleb the Destroyer
  7383 | D:6      | Reached skill level 9 in Fighting
  7466 | D:6      | Found a glowing golden altar of the Shining One.
  7966 | D:8      | Noticed a two-headed ogre
  7972 | D:8      | Killed a two-headed ogre
  8069 | D:8      | Reached * piety under Makhleb
  8124 | D:8      | Reached XP level 11. HP: 70/85 MP: 0/0
  8124 | D:8      | Learned a level 4 spell: Leda's Liquefaction
  8165 | D:8      | Found a staircase to the Lair.
  8308 | D:8      | Reached skill level 10 in Fighting
  8818 | D:9      | Reached ** piety under Makhleb
  9216 | D:10     | Entered Level 10 of the Dungeon
  9486 | D:10     | Found a large runed translucent door.
  9486 | D:10     | Found a large runed translucent door.
  9507 | D:10     | Reached skill level 11 in Fighting
  9535 | D:10     | Paralysed by an air elemental for 1 turns
  9831 | D:10     | Noticed a two-headed ogre
  9839 | D:10     | Killed a two-headed ogre
 10179 | Lair:1   | Entered Level 1 of the Lair of Beasts
 10314 | D:8      | Reached skill level 5 in Armour
 10627 | Lair:1   | Reached XP level 12. HP: 69/94 MP: 0/0
 11238 | Lair:1   | Noticed a five-headed hydra
 11243 | Lair:1   | Killed a five-headed hydra
 11294 | Lair:2   | Reached skill level 5 in Dodging
 11303 | Lair:2   | Found a gate leading to a gauntlet.
 11314 | Lair:2   | Reached skill level 12 in Fighting
 11341 | Gauntlet | Entered a Gauntlet
 11341 | Gauntlet | Found a transporter.
 11341 | Gauntlet | Found a runed translucent door.
 11341 | Gauntlet | Found a transporter.
 11342 | Gauntlet | Found a runed translucent door.
 11345 | Gauntlet | Found a transporter.
 11345 | Gauntlet | Found a transporter.
 11348 | Gauntlet | Found a transporter.
 11362 | Gauntlet | Found a transporter.
 11383 | Gauntlet | Found a transporter.
 11406 | Gauntlet | Found a transporter.
 11406 | Gauntlet | Found a transporter.
 11409 | Gauntlet | Found a transporter.
 11409 | Gauntlet | Noticed a hell beast
 11424 | Gauntlet | Found a transporter.
 11439 | Gauntlet | Found a transporter.
 11449 | Gauntlet | Found a transporter.
 11451 | Gauntlet | Noticed a ghost crab
 11464 | Gauntlet | Found a transporter.
 11520 | Gauntlet | Noticed a merfolk aquamancer
 11536 | Gauntlet | Noticed a merfolk aquamancer
 11536 | Gauntlet | Noticed a merfolk aquamancer
 11684 | Gauntlet | Noticed a deep troll
 11688 | Gauntlet | a deep troll changed into a cyclops
 11695 | Gauntlet | a water nymph changed into a death drake
 11695 | Gauntlet | Noticed a death drake (shapeshifter)
 11704 | Gauntlet | a cane toad changed into a fire crab
 11704 | Gauntlet | Noticed a fire crab (glowing shapeshifter)
 11705 | Gauntlet | a fire crab changed into a komodo dragon
 11706 | Gauntlet | Killed a death drake
 11710 | Gauntlet | a komodo dragon changed into a fire crab
 11710 | Gauntlet | Noticed a fire crab (glowing shapeshifter)
 11714 | Gauntlet | a fire crab changed into an unseen horror
 11718 | Gauntlet | an unseen horror changed into an entropy weaver
 11718 | Gauntlet | Noticed an entropy weaver (glowing shapeshifter)
 11723 | Gauntlet | Identified the +1 cloak of the Lair of Beasts {*Corrode rF+
                  | Int+8 SInv}
 11846 | Gauntlet | Identified the +2 helmet of Sif Muna's Favour {Fly rF+ rN+
                  | Will+ rCorr}
 11858 | Gauntlet | Reached *** piety under Makhleb
 11905 | Gauntlet | HP: 9/213 [redback (15)]
 11905 | Gauntlet | HP: 3/213 [moth of wrath (6)]
 11906 | Gauntlet | Slain by a redback

Illustrated notes

Levels and vault maps discovered:
D:1:      mrwooster_arrival_statue_2, layout_basic
D:2:      layout_loops_ring
D:3:      layout_loops_ring, hellmonk_ecumenical_altar_lost_god,
          minmay_misc_feat_square, columned_hall_lemuel, uniq_natasha,
          uniq_terence, uniq_jessica
D:4:      layout_loops_ring, lightli_corner_chamber, uniq_menkaure
D:5:      layout_gridville, mainiacjoe_overflow_swirl, uniq_sigmund
D:6:      layout_rooms, nicolae_hepliaklqana_monster_ancestors,
          nicolae_tso_swordbearing_angel, lemuel_round_altar,
          minmay_temple_entry_nine_rooms, minmay_manual_mess
D:7:      layout_basic, palyth_temple_overflow_mages
D:8:      layout_rooms, grunt_lair_entry_orc_guard_hut,
          hangedman_abyss_or_decor_lesser_grid
D:9:      layout_roguey
D:10:     layout_cave_pods, minivault_16, lightli_elemental_guards
Temple:   nicolae_temple_bog_church
Lair:1:   layout_gridlike, dreamdust_gnoll_shepherd
Lair:2:   layout_gridlike, skrybe_swamp_entry_bodies, gauntlet_entry_generic,
          ebering_ghost_rock_garden
Gauntlet: gammafunk_gauntlet_mixed_choke_point
          [minmay_gauntlet_arena_77_cramped, minmay_gauntlet_arena_77_braids,
          minmay_gauntlet_arena_77_two_lines, gammafunk_gauntlet_arena_split_x,
          minmay_gauntlet_arena_77_chump_sandwich,
          minmay_gauntlet_arena_77_museum, minmay_gauntlet_arena_77_box,
          gauntlet_exit_green]

Skill      XL: |  1  2  3  4  5  6  7  8  9 10 11 12 |
---------------+-------------------------------------+-----
Fighting       | 1 2 3 4 5 6 8 9 11 12 | 12.2
Spellcasting   | 3 4 5 6 8 9 |  9.8
Shields        | 1 2 3 5 6 |  6.0
Armour         | 3 5 6 |  6.1
Dodging        | 4 5 |  5.3
Stealth        | |  1.5

Action                   |  1- 3 |  4- 6 |  7- 9 | 10-12 || total
-------------------------+-------+-------+-------+-------++-------
Melee: Unarmed           |    17 |     3 |       |       ||    20
       Trident           |       |       |       |    15 ||    15
 Cast: Shock             |    67 |   166 |   234 |   149 ||   616
       Swiftness         |       |     1 |     2 |     2 ||     5
       Slow              |       |       |     7 |       ||     7
       Airstrike         |       |       |    24 |   268 ||   292
       Leda's Liquefacti |       |       |       |     4 ||     4
  Use: Scroll            |       |    10 |    11 |    12 ||    33
       Potion            |       |       |       |    12 ||    12
 Stab: Sleeping          |     1 |       |       |       ||     1
       Invisible         |       |       |       |     1 ||     1
Armor: Robe              |     3 |    17 |    18 |       ||    38
       Steam dragon scal |       |       |       |    63 ||    63
       Skin              |       |       |       |    21 ||    21
Dodge: Dodged            |    22 |    29 |    73 |   161 ||   285
Block: Buckler           |       |       |    19 |    68 ||    87

Table legend: (Time is in decaauts)
 A = Elapsed time spent in this place.
 B = Non-inter-level travel time spent in this place.
 C = Inter-level travel time spent in this place.
 D = Time resting spent in this place.
 E = Time spent auto-exploring this place.
 F = Levels seen in this place.
 G = Mean time per level.
                   A        B        C        D        E       F      G
               +--------+--------+--------+--------+--------+-----+--------+
         Total |  11899 |  11578 |    321 |   2679 |   6715 |  14 |  849.9 |
       Dungeon |  10785 |  10490 |    295 |   2435 |   6410 |  10 | 1078.5 |
        Temple |     27 |     17 |     10 |      0 |      7 |   1 |   27.0 |
          Lair |    538 |    523 |     15 |     84 |    298 |   2 |  269.0 |
      Gauntlet |    548 |    548 |      0 |    160 |      0 |   1 |  548.0 |
               +--------+--------+--------+--------+--------+-----+--------+

Top non-repeatable levels by time:
     D:3: 2032 daAuts
     D:8: 1297 daAuts
     D:4: 1258 daAuts
     D:1: 1004 daAuts
     D:5: 986 daAuts
    D:10: 916 daAuts
     D:6: 846 daAuts
     D:2: 829 daAuts
     D:7: 816 daAuts
     D:9: 795 daAuts
Gauntlet: 548 daAuts
  Lair:1: 478 daAuts
  Lair:2: 59 daAuts
  Temple: 27 daAuts
